 Dungeon Crawl Stone Soup version 0.27.0-1-g7a089689b8 (webtiles) character file.

Game seed: 5191447184599604661

39 mainiacjoe the Insei (level 3, 0/27 HPs)
             Began as a Merfolk Transmuter on Aug 7, 2021.
             Killed from afar by a white imp (13 damage)
             ... with a puff of frost
             ... summoned by Natasha
             ... on level 2 of the Dungeon.
             The game lasted 00:03:22 (2163 turns).

mainiacjoe the Insei (Merfolk Transmuter)           Turns: 2163, Time: 00:03:23

Health: 0/27       AC:  6    Str: 11    XL:     3   Next: 45%
Magic:  6/6        EV: 11    Int: 12    God:
Gold:   10         SH:  0    Dex: 14    Spells: 3/6 levels left

rFire    + . .     SeeInvis .     - Unarmed
rCold    . . .     Faith    .   (no shield)
rNeg     . . .     Spirit   .   h - +0 ring mail {rF+}
rPois    .         Reflect  .   i - +0 helmet
rElec    .         Harm     .   (no cloak)
rCorr    .         Rampage  .   (no gloves)
Will     .....                  (no boots)
Stlth    +.........             (no amulet)
HPRegen  0.09/turn              (no ring)
MPRegen  0.10/turn              (no ring)

@: no status effects
A: (nimble swimmer 2), mertail
a: no special abilities


You were on level 2 of the Dungeon.
You visited 1 branch of the dungeon, and saw 2 of its levels.

You collected 10 gold pieces.

Inventory:

Missiles
 b - 3 stones
 e - 32 arrows
Armour
 a - a +0 robe
 h - a +0 ring mail of fire resistance (worn)
 i - a +0 helmet (worn)
Scrolls
 f - a scroll of noise {unknown}
 j - a scroll of immolation {unknown}
Potions
 c - 2 potions of lignification {unknown}
 d - a potion of ambrosia {unknown}
 g - a potion of cancellation {unknown}


   Skills:
 + Level 2.0 Fighting
 + Level 3.3 Dodging
 * Level 4.1 Unarmed Combat
 - Level 2.0 Spellcasting
 - Level 2.6 Transmutations


You had 3 spell levels left.
You knew the following spells:

 Your Spells              Type           Power      Damage    Failure   Level
a - Beastly Appendage     Tmut           14%        N/A       22%         1
b - Wereblood             Tmut           7%         N/A       32%         2

Your spell library contained the following spells:

 Spells                   Type           Power      Damage    Failure   Level
 Spider Form              Tmut/Pois      2%         N/A       75%         3
 Ice Form                 Ice/Tmut       4%         N/A       98%         4
 Dispersal                Tloc           0%         N/A       100%        6
 Disjunction              Tloc           0%         N/A       100%        8


Dungeon Overview and Level Annotations

Branches:
Dungeon (2/15)

Altars:
Trog

Annotations:
D:2 Natasha


Innate Abilities, Weirdness & Mutations

((You are quick and stealthy near water. (Stealth+, EV+, Speed+++)))
Your lower body shifts to a powerful aquatic tail in water.


Message History

You hit the bat. You punch the bat.
You kill the bat!
The white imp gestures at you. The puff of frost hits you!
You hit Natasha.
Natasha is lightly wounded.
The goblin barely misses you.
Natasha mewls in sadness.
Natasha closely misses you.
You hit Natasha.
Natasha is moderately wounded.
The white imp hits you but does no damage.
The goblin hits you but does no damage. Natasha closely misses you.
You barely miss Natasha.
Natasha is moderately wounded.
The white imp hits you but does no damage.
The goblin hits you but does no damage. Natasha closely misses you.
You completely miss Natasha.
Natasha is moderately wounded.
The white imp hits you but does no damage.
The goblin closely misses you.
Natasha stares at you and mumbles some strange words.
The magic dart hits you!
You are too injured to fight recklessly!
You are too injured to fight recklessly!
You are too injured to fight recklessly!
Unknown command.
You barely miss Natasha.
Natasha is moderately wounded.
The white imp barely misses you. The goblin barely misses you.
Natasha misses you.
You closely miss Natasha.
Natasha is moderately wounded.
The white imp barely misses you. The goblin barely misses you.
Natasha claws you but does no damage.
You barely miss Natasha.
Natasha is moderately wounded.
The white imp gestures at you. The puff of frost hits you!
You die...

.^..#. ##^.>. #.^..#
#_...# #...## # #....#
### ......
P#.##...#...#####.....#.
#.#...5h#<..... .......#
#.##..@g.# #......
#.....#.# #..##.#
#...##...# .. # #..##.##
##.......#####
#.##...... #######.##..#
#.........
#.##..#.####...##.
#.##..#.####...##.
#.................
####..#........##.


You could see Natasha, a white imp (summoned) and a goblin.

Vanquished Creatures
  A worm (D:2)
  2 dart slugs
  3 endoplasms
  2 giant cockroaches
  4 goblins
  A hobgoblin (D:1)
  2 jackals (D:2)
  2 kobolds (D:1)
  3 quokkas
  3 ball pythons
  2 bats
  2 frilled lizards
  A rat (D:1)
28 creatures vanquished.

Vanquished Creatures (others)
  A fungus (D:2)
  4 plants (D:2)
  4 toadstools (D:2)
9 creatures vanquished.

Grand Total: 37 creatures vanquished

Notes
Turn   | Place    | Note
-------+----------+-------------------------------------------
     0 | D:1      | mainiacjoe the Merfolk Transmuter began the quest for the
                  | Orb.
     0 | D:1      | Reached XP level 1. HP: 15/15 MP: 3/3
   394 | D:1      | Reached XP level 2. HP: 5/21 MP: 3/5
   625 | D:1      | Learned a level 2 spell: Wereblood
  1790 | D:2      | Found a bloodstained altar of Trog.
  1793 | D:2      | Reached skill level 4 in Unarmed Combat
  1793 | D:2      | Reached XP level 3. HP: 21/27 MP: 6/6
  2148 | D:2      | Found a faded altar of an unknown god.
  2151 | D:2      | Noticed Natasha
  2163 | D:2      | Killed from afar by a white imp

Illustrated notes

Levels and vault maps discovered:
D:1:      lightli_arrival_noodles, layout_loops_corners, serial_bayou_pond_a,
          minmay_misc_feat_alley, minmay_fountain_box
D:2:      layout_basic, shapermc_ecumenical_altar_rom_forum, basic_altar,
          hangedman_abyss_or_decor_lesser_grid, minmay_gold_behind_fungi,
          uniq_natasha

Skill      XL: |  1  2  3 |
---------------+----------+-----
Dodging        | 3 |  3.3
Unarmed Combat | 4 |  4.1
Fighting       | 2 |  2.0
Spellcasting   | |  2.0
Transmutations | |  2.6

Action                   || total
-------------------------++-------
Melee: Unarmed           ||   107
       Headbutt          ||     2
       Punch             ||     3
 Cast: Beastly Appendage ||     7
 Stab: Sleeping          ||     1
Armor: Robe              ||     8
       Ring mail         ||    19
Dodge: Dodged            ||    76
